 Dungeon Crawl Stone Soup version 0.27.1-2-g3b301248ec (webtiles) character file.

Game seed: 5824480519980666292

103266 Borgoz the Fencer (level 15, -14/144 HPs)
             Began as a Minotaur Berserker on Sept 28, 2021.
             Was the Champion of Trog.
             Demolished by an orc knight (17 damage)
             ... on level 2 of the Orcish Mines.
             The game lasted 00:40:12 (21499 turns).

Borgoz the Fencer (Minotaur Berserker)             Turns: 21499, Time: 00:40:12

Health: -14/144    AC: 21    Str: 29    XL:     15   Next: 88%
Magic:  14/14      EV: 20    Int: 10    God:    Trog [******]
Gold:   2908       SH:  0    Dex: 15    Spells: 14/14 levels left

rFire    . . .     SeeInvis .   h - +7 triple sword (flame)
rCold    + + +     Faith    .   (shield currently unavailable)
rNeg     + . .     Spirit   .   F - +3 chain mail {rC+}
rPois    .         Reflect  .   (helmet restricted)
rElec    .         Harm     .   I - +0 cloak
rCorr    .         Rampage  .   x - +1 pair of gloves "Wizecw" {rN+ Will++}
Will     +++..                  (no boots)
Stlth    ..........             v - amulet of regeneration
HPRegen  1.34/turn              i - +6 ring of strength
MPRegen  0.14/turn              d - ring of Dobear {rC++ EV+4 Int+6 Stlth-}

@: about to teleport
A: horns 2, retaliatory headbutt
a: Renounce Religion, Berserk, Trog's Hand, Brothers in Arms


You were on level 2 of the Orcish Mines.
You worshipped Trog.
Trog was exalted by your worship.
You visited 3 branches of the dungeon, and saw 23 of its levels.
You also visited: Sewer and Ice Cave.

You collected 3402 gold pieces.
You spent 494 gold pieces at shops.

Inventory:

Hand Weapons
 a - a +2 vorpal great sword
 b - a +0 scimitar of flaming
 h - a +7 triple sword of flaming (weapon)
 m - a +9 great sword of protection
 A - the +9 great mace of Unreason {vorpal, rF+ rN+ Will+}
   (Trog gifted it to you on level 1 of the Orcish Mines)

   It inflicts extra damage upon your enemies.
   rF:        It protects you from fire.
   rN:        It protects you from negative energy.
   Will:      It increases your willpower.
Missiles
 y - 2 throwing nets
 N - 37 stones (quivered)
Armour
 t - the +0 hat of the Wheelwright {-Tele rF+ Dex+5 Slay+2}
   (You acquired it on level 5 of the Lair of Beasts)

   Dex:       It affects your dexterity (+5).
   Slay:      It affects your accuracy & damage with ranged weapons and melee
   (+2).
   rF:        It protects you from fire.
   -Tele:     It prevents most forms of teleportation.
 x - the +1 pair of gloves "Wizecw" (worn) {rN+ Will++}
   (You bought it in a shop on level 12 of the Dungeon)

   rN:        It protects you from negative energy.
   Will:      It greatly increases your willpower.
 F - a +3 chain mail of cold resistance (worn)
 I - a +0 cloak (worn)
 K - a +0 troll leather armour
Jewellery
 d - the ring of Dobear (right hand) {rC++ EV+4 Int+6 Stlth-}
   (You acquired it on level 3 of the Dungeon)

   [ring of evasion]

   EV:        It affects your evasion (+4).
   Int:       It affects your intelligence (+6).
   rC:        It greatly protects you from cold.
   Stlth:     It makes you less stealthy.
 i - a +6 ring of strength (left hand)
 j - a ring of protection from fire
 l - a ring of flight
 o - a ring of positive energy
 q - a ring of protection from fire
 v - an amulet of regeneration (around neck)
Wands
 p - a wand of acid (17)
 u - a wand of flame (95)
 w - a wand of paralysis (9)
 H - a wand of iceblast (45)
 J - a wand of mindburst (3)
 O - a wand of digging (4)
Scrolls
 c - 12 scrolls of teleportation
 n - 2 scrolls of holy word
 z - 3 scrolls of fog
 B - 3 scrolls of summoning
 C - 2 scrolls of silence
 E - 2 scrolls of identify
 L - 3 scrolls of blinking
 M - a scroll of fear
Potions
 e - 6 potions of curing
 f - 5 potions of heal wounds
 g - 2 potions of cancellation
 k - 4 potions of lignification
 r - 5 potions of flight
 s - 6 potions of ambrosia
 D - 2 potions of might
 G - a potion of attraction


   Skills:
 + Level 16.2 Fighting
 + Level 16.2 Long Blades
 + Level 16.1 Armour
 + Level 14.9 Dodging
 - Level 2.0 Stealth
 - Level 6.0 Shields
 - Level 5.0 Evocations


You had 14 spell levels left.
You didn't know any spells.
Your spell library was empty.

Dungeon Overview and Level Annotations

Branches:
Dungeon (15/15)            Temple (0/1) D:6            Lair (6/6) D:9
  Swamp (0/4) Lair:4        Snake (0/4) Lair:4        Slime (0/5) Lair:5
    Orc (2/2) D:9             Elf (0/3) Orc:2        Vaults (0/5) D:14
 Depths (0/5) D:15          Sewer (visited)           IceCv (visited)

Altars:
Elyvilon
Makhleb
Okawaru
Qazlal
Ru
Uskayaw
Vehumet
Jiyva

Shops:
D:11 [   D:12 ?:[   Orc:1 [


Innate Abilities, Weirdness & Mutations

You have a pair of horns on your head.
You reflexively headbutt those who attack you in melee.


Message History

The orc priest calls down the wrath of Beogh upon you.
Beogh smites you!
You open the orc like a pillowcase!!! You burn the orc.
You kill the orc!
Trog accepts your kill.
The orc high priest prays to Beogh.
The orc priest calls down the wrath of Beogh upon you.
Beogh smites you!
The orc priest looks encouraged for a moment.
The orc knight roars a battlecry!
You hear a shout!
You hit the orc knight but do no damage.
The ynoxinul disappears in a puff of smoke!
The orc priest invokes the aid of Beogh against you.
Beogh smites you!
The orc knight hits you with a +0 battleaxe!!
You hear a shout!
You slice the orc knight!! You burn the orc knight!
You headbutt the orc knight!
The orc knight is heavily wounded.
The orc knight hits you with a +3 battleaxe!
As you read the scroll of teleportation, it crumbles to dust.
You feel strangely unstable.
The orc warrior grunts repeatedly, as Orcs often do.
The orc warrior hits you but does no damage.
The orc priest mumbles some strange prayers to Beogh against you.
Beogh smites you!
The orc knight hits you with a +0 battleaxe!!
* * * LOW HITPOINT WARNING * * *
You hear a shout!
The orc warrior misses you.
The orc knight hits you with a +0 vorpal battleaxe!!
* * * LOW HITPOINT WARNING * * *
x2 The orc knight closely misses you.
The orc high priest says, "Oblivion to the unbeliever."
The orc high priest invokes the aid of Beogh against you.
Beogh smites you!
* * * LOW HITPOINT WARNING * * *
The orc knight hits you with a +3 battleaxe!
You die...

####### ******* ###.....###
*##.,,,,*** ###.........###
*##...,,,,,,*** #.............##
**....,,,,,,,,,*
...............###...,,,,,,,,,,,,
)#.#.#.#.#.#.#.#)#o#.#.#,*,*,*,*,
)).............oooooo...,,,,,,,,,
...............#@#o§....o,,,,,,,,
)................oo§o...,,,,,,,,,
.#.#.#.#.#.#.#.#.#3#4#.#,*,*,*,*,
...............###.4....,,,,,,,,,
#.............## **.....,,,,,,,,*
*##.........##* *##...,,,,,,***
*##.....##* *##.,,,,*** **#****
******* ###


You could see 4 orc knights, an orc high priest (strong), a sun demon
(summoned), 2 orange demons, an orc warrior (strong), 3 orc priests and an orc
(strong).

Vanquished Creatures
  Jorgrun (D:15)
  An ettin (Orc:2)
  Snorg (D:13)
  The ghost of dragonscale333 the Nimble, a journeyman GnAM of Gozag (Lair:1)
  8 hydras
  6 boulder beetles
  2 centaur warriors (D:13)
  A catoblepas (Lair:3)
  2 dancing weapons (D:14)
  11 death yaks (Lair:6)
  5 two-headed ogres
  Urug (Orc:1)
  An orc high priest (Orc:2)
  Sonja (D:13)
  Nergalle (D:11)
  8 skeletal warriors
  2 goliath frogs (Lair:6)
  3 orc knights
  A deep elf zephyrmancer (D:15)
  3 wizards
  Pikel (D:6)
  3 deep elf pyromancers
  9 ugly things
  A necromancer (D:15)
  2 oklob plants (Lair:2)
  2 manticores
  An orc sorcerer (D:15)
  6 cyclopes
  2 ice statues (IceCv)
  Maurice (D:13)
  3 black mambas
  13 elephants
  5 centaur zombies
  A guardian serpent (Lair:4)
  A gargoyle (D:7)
  A torpor snail (Lair:5)
  2 freezing wraiths (D:14)
  18 cane toads
  A centaur skeleton (D:15)
  4 kobold demonologists
  Maggie (D:9)
  An efreet (D:13)
  5 rime drakes
  9 komodo dragons
  3 unseen horrors
  A queen bee (Lair:1)
  3 tengu conjurers (D:15)
  3 meliai (D:15)
  2 polar bears
  6 trolls
  A slime creature (D:7)
  A queen bee (shapeshifter) (D:15)
  3 tyrant leeches (Lair:6)
  2 hornets
  Grinder (D:3)
  A meliai zombie (D:10)
  18 blink frogs
  6 dream sheep (Lair:4)
  A centaur simulacrum (D:15)
  4 spriggans
  3 wraiths
  Sigmund (D:3)
  46 yaks
  3 basilisks
  Eustachio (D:6)
  7 wyverns
  2 steam dragons (D:7)
  15 vampire mosquitoes
  5 wargs
  4 acid dragons
  Edmund (D:4)
  Duvessa (D:4)
  14 water moccasins
  3 sky beasts
  A black bear (Lair:4)
  Purgy (D:3)
  18 orc warriors
  4 ice beasts
  3 ogres
  20 wolves
  An ogre (shapeshifter) (D:15)
  6 centaurs
  2 lemures (D:6)
  3 kobold brigands
  18 bullfrogs
  A gnoll sergeant (D:11)
  A wyvern zombie (D:8)
  2 scorpions (D:5)
  Dowan (D:4)
  A hornet simulacrum (D:14)
  2 elephant simulacra (IceCv)
  10 killer bees
  9 wights
  An electric eel (Lair:1)
  7 howler monkeys
  A crimson imp (D:9)
  3 jellies
  4 gnoll shamans
  4 hounds
  22 orc priests
  A bullfrog skeleton (D:6)
  Ijyb (D:3)
  18 hell rats
  30 orc wizards
  Natasha (thrice) (D:3)
  A killer bee zombie (D:6)
  3 howler monkey zombies
  Robin (D:4)
  5 adders
  32 gnolls
  A worm (D:2)
  3 dart slugs
  109 orcs
  4 ball pythons
  9 endoplasms
  2 giant cockroaches
  10 goblins
  8 hobgoblins
  5 jackals
  23 kobolds
  3 quokkas
  2 bats
  A frilled lizard (D:2)
  10 rats
746 creatures vanquished.

Vanquished Creatures (collateral kills)
  A boulder beetle (D:14)
1 creature vanquished.

Vanquished Creatures (others)
  A hound (D:7)
  An orc (D:9)
  17 fungi
  97 plants
116 creatures vanquished.

Grand Total: 863 creatures vanquished

Notes
Turn   | Place    | Note
-------+----------+-------------------------------------------
     0 | D:1      | Borgoz the Minotaur Berserker began the quest for the Orb.
     0 | D:1      | Reached XP level 1. HP: 19/19 MP: 0/0
   336 | D:1      | Found a faded altar of an unknown god.
   374 | D:1      | Reached XP level 2. HP: 27/27 MP: 1/1
   924 | D:2      | Reached XP level 3. HP: 20/33 MP: 2/2
  1241 | D:2      | Found a burning altar of Makhleb.
  1550 | D:3      | Reached ** piety under Trog
  1735 | D:3      | Identified a scroll of acquirement
  1735 | D:3      | Acquired the ring of Dobear {rC++ EV+4 Int+6 Stlth-}
  1811 | D:3      | Noticed Purgy
  1817 | D:3      | Killed Purgy
  1818 | D:3      | Reached XP level 4. HP: 36/41 MP: 3/3
  1818 | D:3      | Reached XP level 5. HP: 41/47 MP: 4/4
  1962 | D:3      | Noticed Sigmund
  1967 | D:3      | Killed Sigmund
  1968 | D:3      | Reached skill level 5 in Fighting
  1968 | D:3      | Reached skill level 5 in Long Blades
  1968 | D:3      | Reached XP level 6. HP: 49/56 MP: 5/5
  2067 | D:3      | Noticed Natasha
  2075 | D:3      | Killed Natasha
  2298 | D:3      | Noticed Natasha
  2305 | D:3      | Killed Natasha
  2315 | D:3      | Noticed Grinder
  2330 | D:3      | Killed Grinder
  2331 | D:3      | Reached skill level 5 in Armour
  2331 | D:3      | Reached XP level 7. HP: 34/62 MP: 6/6
  2452 | D:3      | Noticed Ijyb
  2464 | D:3      | Killed Ijyb
  2519 | D:3      | Noticed Natasha
  2525 | D:3      | Killed Natasha
  2939 | D:4      | Reached *** piety under Trog
  3067 | D:4      | Noticed Duvessa
  3070 | D:4      | Noticed Dowan
  3076 | D:4      | Killed Duvessa
  3077 | D:4      | Reached skill level 5 in Dodging
  3077 | D:4      | Reached skill level 1 in Shields
  3078 | D:4      | Killed Dowan
  3086 | D:4      | Noticed Robin
  3094 | D:4      | Killed Robin
  3259 | D:4      | Reached XP level 8. HP: 47/71 MP: 7/7
  3263 | D:4      | Noticed Edmund
  3272 | D:4      | Killed Edmund
  3543 | D:4      | Found a glowing drain.
  3553 | Sewer    | Entered a sewer
  3667 | Sewer    | Reached **** piety under Trog
  4100 | D:5      | Entered Level 5 of the Dungeon
  5007 | D:6      | Noticed Eustachio
  5019 | D:6      | Killed Eustachio
  5020 | D:6      | Reached XP level 9. HP: 80/80 MP: 8/8
  5186 | D:6      | Found a staircase to the Ecumenical Temple.
  5230 | D:6      | Reached skill level 1 in Stealth
  5230 | D:6      | Reached skill level 1 in Evocations
  5294 | D:6      | Noticed Pikel
  5304 | D:6      | Killed Pikel
  5484 | D:6      | Reached ***** piety under Trog
  6011 | D:7      | Reached skill level 5 in Shields
  6443 | D:7      | Reached XP level 10. HP: 35/90 MP: 9/9
  6778 | D:7      | Noticed a gargoyle
  6786 | D:7      | Killed a gargoyle
  7037 | D:7      | Noticed a deep elf pyromancer
  7038 | D:7      | Noticed a two-headed ogre
  7043 | D:7      | Killed a deep elf pyromancer
  7045 | D:7      | Killed a two-headed ogre
  7887 | D:8      | Received a gift from Trog
  8142 | D:8      | Found a large runed translucent door.
  8143 | D:8      | Found a large runed translucent door.
  8425 | D:8      | Found a stormy altar of Qazlal.
  8425 | D:8      | Noticed a two-headed ogre
  8431 | D:8      | Killed a two-headed ogre
  8432 | D:8      | Reached XP level 11. HP: 99/99 MP: 10/10
  8462 | D:8      | Found a white marble altar of Elyvilon.
  8512 | D:9      | You fall into a shaft and drop 3 floors!
  8512 | D:12     | Noticed a four-headed hydra
  8512 | D:12     | Found Ivodwim's Armour Shoppe.
  8520 | D:12     | Killed a one-headed hydra
  8521 | D:12     | Reached skill level 10 in Fighting
  8521 | D:12     | Reached skill level 10 in Long Blades
  8581 | D:12     | Bought the +1 pair of gloves "Wizecw" {rN+ Will++} for 494
                  | gold pieces
  8601 | D:12     | Reached skill level 5 in Evocations
  8728 | D:12     | Reached skill level 10 in Armour
  8892 | D:11     | Noticed Nergalle
  8903 | D:11     | Killed Nergalle
  8945 | D:10     | Entered Level 10 of the Dungeon
  8960 | D:10     | Identified the -4 pair of boots "Kuer" {SInv}
  9027 | D:9      | Received a gift from Trog
  9101 | D:9      | Found a staircase to the Lair.
  9146 | D:9      | Noticed a two-headed ogre
  9157 | D:9      | Killed a two-headed ogre
  9158 | D:9      | Reached skill level 10 in Dodging
  9219 | D:9      | Noticed Maggie
  9220 | D:9      | Found a staircase to the Orcish Mines.
  9230 | D:9      | Killed Maggie
  9353 | D:9      | Found a sacrificial altar of Ru.
  9360 | D:9      | Reached XP level 12. HP: 110/110 MP: 11/11
  9809 | D:10     | Found a radiant altar of Vehumet.
 10838 | D:11     | Received a gift from Trog
 10960 | D:11     | Found Limuz's Armour Shop.
 11416 | D:12     | Found Ewkuxzur's Book Boutique.
 11485 | D:12     | Found Qythady's Magic Scroll Boutique.
 11529 | D:12     | Noticed a two-headed ogre
 11535 | D:12     | Killed a two-headed ogre
 11574 | D:12     | Acquired 591 gold pieces
 11593 | D:12     | Noticed a five-headed hydra
 11600 | D:12     | Killed a one-headed hydra
 11884 | D:13     | Noticed a centaur warrior
 11894 | D:13     | Killed a centaur warrior
 11952 | D:13     | Noticed Maurice
 11959 | D:13     | Killed Maurice
 11969 | D:13     | Noticed Sonja
 11974 | D:13     | Killed Sonja
 12045 | D:13     | HP: 1/113 [skeletal warrior[a skeletal warrior] (22)]
 12182 | D:13     | Reached XP level 13. HP: 110/119 MP: 12/12
 12387 | D:13     | Noticed Snorg
 12396 | D:13     | Killed Snorg
 13165 | Lair:1   | Entered Level 1 of the Lair of Beasts
 13205 | Lair:1   | Found a transporter.
 13205 | Lair:1   | Found a transporter.
 13210 | Lair:1   | Noticed dragonscale333's ghost (journeyman GnAM)
 14130 | Lair:1   | Killed dragonscale333's ghost
 14361 | Lair:2   | Received a gift from Trog
 15421 | Lair:3   | Reached XP level 14. HP: 130/130 MP: 13/13
 15553 | Lair:3   | You fall into a shaft and drop 3 floors!
 15553 | Lair:6   | Entered Level 6 of the Lair of Beasts
 16356 | Lair:4   | Found a staircase to the Swamp.
 16374 | Lair:4   | You fall into a shaft and drop 2 floors!
 16482 | Lair:4   | Found a staircase to the Snake Pit.
 17218 | Lair:5   | Acquired the +0 hat of the Wheelwright {-Tele rF+ Dex+5
                  | Slay+2}
 17281 | Lair:5   | You fall into a shaft and drop 1 floor!
 17347 | Lair:5   | Found a viscous altar of Jiyva.
 17347 | Lair:5   | Found a staircase to the Slime Pits.
 17949 | Lair:6   | Received a gift from Trog
 18109 | Lair:6   | Reached skill level 15 in Fighting
 18109 | Lair:6   | Reached skill level 15 in Long Blades
 18227 | Lair:6   | Acquired 632 gold pieces
 18257 | Lair:6   | Reached skill level 15 in Armour
 18263 | Lair:6   | Reached XP level 15. HP: 74/141 MP: 4/14
 19323 | D:14     | Received a gift from Trog
 19413 | D:14     | Found a gate to the Vaults.
 19911 | D:15     | Entered Level 15 of the Dungeon
 19987 | D:15     | Found a hide-covered altar of Uskayaw.
 20003 | D:15     | Noticed Jorgrun
 20017 | D:15     | Killed Jorgrun
 20406 | D:15     | Found a staircase to the Depths.
 20418 | D:15     | Reached ****** piety under Trog
 20624 | Orc:1    | Entered Level 1 of the Orcish Mines
 20825 | Orc:1    | Identified the +9 great mace of Unreason {vorpal, rF+ rN+
                  | Will+} (Trog gifted it to you on level 1 of the Orcish
                  | Mines)
 20825 | Orc:1    | Received a gift from Trog
 20905 | Orc:1    | Noticed Urug
 20920 | Orc:1    | Killed Urug
 21001 | Orc:1    | Found Jeagas's Antique Armour Emporium.
 21048 | Orc:2    | Entered Level 2 of the Orcish Mines
 21084 | Orc:2    | Found an iron altar of Okawaru.
 21148 | Orc:2    | Found a frozen archway.
 21156 | IceCv    | Entered an ice cave
 21157 | IceCv    | Found a transporter.
 21178 | IceCv    | Found a transporter.
 21278 | Orc:2    | Found a staircase to the Elven Halls.
 21400 | Orc:2    | Received a gift from Trog
 21499 | Orc:2    | HP: 3/144 [orc high priest/divine providence (8)]
 21499 | Orc:2    | Demolished by an orc knight

Illustrated notes

Levels and vault maps discovered:
D:1:      kennysheep_arrival_forest, layout_rooms, basic_ecumenical_altar
D:2:      layout_rooms, basic_altar, minmay_misc_feat_more_columns,
          minmay_misc_feat_alley, chequers_serial_rivers_marsh
D:3:      layout_loops_corners, uniq_natasha, uniq_sigmund, uniq_ijyb,
          uniq_purgy, uniq_grinder
D:4:      layout_loops_cross, portal_sewer_entry_d, corexii_checkpoint_b,
          uniq_robin, uniq_duvessa, uniq_edmund
D:5:      layout_basic
D:6:      layout_cave_pods, minmay_temple_entry_mist, st_stairs_8, uniq_pikel,
          uniq_eustachio
D:7:      nzn_winding_woodlands_three_and_one [nzn_winding_woodlands_5x15_eye,
          nzn_winding_woodlands_5x15_sawtooth,
          nzn_winding_woodlands_5x15_lazy_stream,
          nzn_winding_woodlands_center_triple_pond], layout_basic,
          kb_lookout_dungeons_type
D:8:      layout_gridville, jmf_multi_god_temple2
D:9:      layout_big_octagon, hangedman_ru_absence, erik_lair_orcish_takeover,
          david_orc_2, lightli_wizard_tower, uniq_maggie
D:10:     layout_layer_cave, lemuel_tele_altar
D:11:     layout_long_grid, serial_shops, kennysheep_mini, uniq_nergalle
D:12:     layout_basic, serial_shops, kennysheep_little_box, shop, shop
D:13:     layout_cave_pods, uniq_snorg, uniq_maurice, uniq_sonja
D:14:     layout_long_grid, erik_vaults_1, hangedman_abyss_or_decor_stabs,
          chequers_avenue
D:15:     grunt_enter_depths_magical_seal, layout_rooms,
          nicolae_uskayaw_murder_on_the_dancefloor, minivault_20, uniq_jorgrun
Lair:1:   layout_concentric_octagons, gammafunk_ghost_hive,
          serial_bayou_shore_a, grunt_megastairs_3, lemuel_fruit_tree
Lair:2:   layout_cave_pods, small_statue_intersection, st_stairs_10,
          minmay_lair_oklob_chamber, infiniplex_staircase_pool,
          grunt_megastairs_2
Lair:3:   layout_chaotic_city, wad_woods_02, grunt_megastairs_4
Lair:4:   layout_regular_city, swamp_mist_pool, minmay_snake_entry_spellcaster,
          forest_entry_grove, serial_bayou_shore_b
Lair:5:   layout_gridlike, dpeg_slime_entry_enclosed_altar, serial_bayou_shore_b
Lair:6:   minmay_lair_end_frog_pond, layout_cave_pods
Orc:1:    layout_diamond_mine, serial_shops, nicolae_shop_behind_doors,
          uniq_fannar, uniq_urug
Orc:2:    st_orc_pillars, layout_diamond_mine, portal_ice_cave_entry_pillars_2,
          okawaru_metal_pillars_3

Skill      XL: |  1  2  3  4  5  6  7  8  9 10 11 12 13 14 15 |
---------------+----------------------------------------------+-----
Fighting       | 4 5 6 7 8 9 11 12 13 15 16 | 16.2
Long Blades    | 4 5 6 7 8 9 11 12 13 15 16 | 16.2
Armour         | 3 4 5 7 8 9 10 12 13 15 16 | 16.1
Dodging        | 3 4 5 6 7 8 10 11 12 13 14 | 14.9
Shields        | 2 4 5 6 |  6.0
Stealth        | 2 |  2.0
Evocations     | 2 4 5 |  5.0

Action                   |  1- 3 |  4- 6 |  7- 9 | 10-12 | 13-15 || total
-------------------------+-------+-------+-------+-------+-------++-------
Melee: Falchion          |    68 |    39 |   197 |     9 |       ||   313
       Headbutt          |    13 |    15 |    76 |   155 |   272 ||   531
       Long sword        |       |       |    87 |   389 |       ||   476
       Great sword       |       |       |       |    94 |   736 ||   830
       Scimitar          |       |       |       |       |    22 ||    22
       Triple sword      |       |       |       |       |     8 ||     8
Invok: Berserk           |     1 |     1 |    10 |    11 |    17 ||    40
       Trog's Hand       |       |     1 |     2 |     1 |     2 ||     6
       Brothers in Arms  |       |       |       |     1 |     3 ||     4
Evoke: Wand              |       |       |       |     1 |       ||     1
  Use: Scroll            |     2 |       |     7 |     5 |    21 ||    35
       Potion            |       |       |       |     2 |     3 ||     5
 Stab: Paralysed         |       |       |       |     3 |       ||     3
Armor: Animal skin       |    15 |     1 |       |       |       ||    16
       Chain mail        |       |    12 |   104 |   117 |   325 ||   558
       Steam dragon scal |       |       |       |    43 |       ||    43
Dodge: Dodged            |    46 |    29 |   176 |   359 |   827 ||  1437
Block: Buckler           |       |       |    55 |   104 |       ||   159
       Rpst.: Falchion   |     7 |     9 |    27 |     1 |       ||    44
       Long sword        |       |       |    22 |    72 |       ||    94
       Great sword       |       |       |       |    20 |   181 ||   201
       Scimitar          |       |       |       |       |     1 ||     1
